 Dungeon Crawl Stone Soup version 0.22.0-5-gf09313c8f9 (webtiles) character file.

69 Htamos the Skirmisher (level 4, 0/46 HPs)
             Began as an Ogre Assassin on Aug 13, 2018.
             Succumbed to an adder's poison
             ... on level 2 of the Dungeon.
             The game lasted 00:03:27 (436 turns).

Htamos the Skirmisher (Ogre Assassin)                Turns: 436, Time: 00:03:27

Health: 0/46       AC:  4    Str: 15    XL:     4   Next: 20%
Magic:  4/4        EV: 10    Int: 12    God:
Gold:   21         SH:  0    Dex: 11    Spells: 3/3 levels left

rFire    . . .     SeeInvis .   a - +2 dagger
rCold    . . .     Gourm    .   (no shield)
rNeg     . . .     Faith    .   c - +0 robe
rPois    .         Spirit   .   (helmet restricted)
rElec    .         Reflect  .   d - +0 cloak
rCorr    .         Harm     .   (gloves unavailable)
MR       .....                  (boots unavailable)
Stlth    ++........             (no amulet)
HPRegen  0.15/turn              (no ring)
MPRegen  0.09/turn              (no ring)

@: lethally poisoned (0 -> -2), berserk cooldown, very slightly contaminated,
slowed, invisible, very slow
A: large, unfitting armour, tough skin 1
a: no special abilities


You were on level 2 of the Dungeon.
You were not hungry.

You visited 1 branch of the dungeon, and saw 2 of its levels.

You collected 21 gold pieces.

Inventory:

Hand Weapons
 a - a +2 dagger (weapon)
 b - a +0 blowgun
 i - a +0 whip of venom
 k - a +0 club
 n - a +0 whip
Missiles
 e - 8 poisoned needles
 f - 2 curare-tipped needles
Armour
 c - a +0 robe (worn)
 d - a +0 cloak (worn)
Scrolls
 h - a scroll of immolation {unknown}
 l - a scroll of remove curse {unknown}
 o - a scroll of identify {unknown}
Comestibles
 g - 2 rations
 p - a chunk of flesh


   Skills:
 + Level 3.6 Fighting
 - Level 2.0 Short Blades
 + Level 0.8 Maces & Flails
 - Level 2.2 Throwing
 + Level 1.8 Dodging
 + Level 3.3 Stealth


You had 3 spell levels left.
You didn't know any spells.
Your spell library was empty.

Dungeon Overview and Level Annotations

Branches:
Dungeon (2/15)

Altars:
Vehumet


Innate Abilities, Weirdness & Mutations

You are too large for most types of armour.
You have tough skin. (AC +1)


Message History

You hit the jackal.
You kill the jackal!
You are too berserk!
* * * LOW HITPOINT WARNING * * *
You feel sick.
A jackal comes into view.
You feel a strong urge to attack something.
The jackal barks!
You are no longer berserk.
You are exhausted.
You feel yourself slow down.
A jackal comes into view.
It was a potion of invisibility.
You fade into invisibility!
* * * LOW HITPOINT WARNING * * *
You feel sick.
The jackal barks!
You are very lightly contaminated with residual magic.
Found 19 stones.
You die...

.( ..## ### ###....
... #.....
#.#.####.#.##
#.##.#..........
.......@h....# .
.........h...###...
..#...............#
...........†......#
..##.......#.###.##
.!...........#
....(......### #
#####...###
###.#### #...#


You could see 2 jackals.

Vanquished Creatures
  3 adders (D:2)
  An ooze (D:1)
  A dart slug (D:2)
  2 leopard geckos (D:1)
  4 giant cockroaches
  3 goblins (D:1)
  5 hobgoblins
  A jackal (D:2)
  5 kobolds
  A quokka (D:2)
  A ball python (D:1)
  3 bats
  2 frilled lizards (D:2)
  2 rats (D:2)
34 creatures vanquished.

Vanquished Creatures (others)
  An adder (D:2)
  A hobgoblin (D:2)
2 creatures vanquished.

Grand Total: 36 creatures vanquished

Notes
Turn   | Place    | Note
-------+----------+-------------------------------------------
     0 | D:1      | Htamos the Ogre Assassin began the quest for the Orb.
     0 | D:1      | Reached XP level 1. HP: 22/22 MP: 1/1
    18 | D:1      | Reached skill level 1 in Dodging
    50 | D:1      | Reached XP level 2. HP: 29/29 MP: 2/2
   192 | D:1      | Reached XP level 3. HP: 32/37 MP: 3/3
   286 | D:2      | Found a radiant altar of Vehumet.
   405 | D:2      | Reached XP level 4. HP: 6/45 MP: 4/4
   420 | D:2      | HP: 2/45 [poisoned by an adder]
   425 | D:2      | HP: 2/69 [poisoned by an adder]
   431 | D:2      | HP: 1/69 [poisoned by an adder]
   436 | D:2      | Succumbed to an adder's poison

Skill      XL: |  1  2 |
---------------+-------+-----
Stealth        | 3 |  3.3
Dodging        | 1 |  1.8
Fighting       | 3 |  3.6
Short Blades   | 2 |  2.0
Maces & Flails | |  0.8
Throwing       | |  2.2

Action                   |  1- 3 |  4- 6 || total
-------------------------+-------+-------++-------
Melee: Dagger            |    55 |    10 ||    65
       Whip              |    54 |       ||    54
  Use: Potion            |       |     2 ||     2
 Stab: Sleeping          |     4 |       ||     4
Armor: Robe              |    25 |     9 ||    34
Dodge: Dodged            |    38 |     4 ||    42
